 Dungeon Crawl Stone Soup version 0.27.0-1-g7a089689b8 (webtiles) character file.

Game seed: 8691657408814200131

184814 mainiacjoe the Grappler (level 17, 0/182 HPs)
             Began as a Troll Fighter on Aug 14, 2021.
             Was the Champion of Okawaru.
             Slain by a ghost moth (13 damage)
             ... on level 4 of the Spider Nest.
             The game lasted 01:28:55 (30504 turns).

mainiacjoe the Grappler (Troll Fighter)            Turns: 30504, Time: 01:28:56

Health: 0/182      AC: 12    Str: 26 (27) XL:     17   Next: 79%
Magic:  0/21       EV: 10    Int:  5 (10) God:    Okawaru [******]
Gold:   2447       SH: 25    Dex:  9 (12) Spells: 16/16 levels left

rFire    + . .     SeeInvis .     - Unarmed
rCold    + . .     Faith    +   w - +5 tower shield "Myadgh" {rPois rF+ Str-3}
rNeg     . . .     Spirit   .   r - +0 swamp dragon scales
rPois    +         Reflect  .   F - +2 hat of Nihilism {Str-2 Dex+2 Slay+5}
rElec    .         Harm     .   X - scarf {shadows}
rCorr    .         Rampage  .   (gloves unavailable)
Will     +++..                  (boots unavailable)
Stlth    ..........             p - amulet of faith
HPRegen  1.40/turn              B - ring of Finality {Fly Will+ Int+6, =R}
MPRegen  0.17/turn              o - ring "Veoteng" {rC+ Will+ Slay+3}

@: lethally poisoned (0 -> -30), flying
A: large, unfitting armour, claws 3, regeneration 1, shaggy fur 1, tough skin 1
a: Renounce Religion, Heroism, Finesse


You were on level 4 of the Spider Nest.
You worshipped Okawaru.
Okawaru was exalted by your worship.
You visited 6 branches of the dungeon, and saw 30 of its levels.
You also visited: Gauntlet and Ice Cave.

You collected 3768 gold pieces.
You spent 1321 gold pieces at shops.

Inventory:

Hand Weapons
 b - the +12 hunting sling of Saput {vorpal, rPois rC++ Will+ Int-4}
   (You found it on level 4 of the Dungeon)

   Any ammunition fired from it inflicts extra damage upon your enemies.
   Int:       It affects your intelligence (-4).
   rC:        It greatly protects you from cold.
   rPois:     It protects you from poison.
   Will:      It increases your willpower.
Missiles
 a - 11 curare-tipped darts {=F}
 g - 2 poisoned darts
 i - 151 sling bullets
 j - 8 datura-tipped darts {=F}
 l - 2 throwing nets {=F}
 m - 724 stones
 q - 4 javelins
 t - 12 large rocks (quivered)
 L - 33 boomerangs
 T - 28 silver javelins
Armour
 r - +0 swamp dragon scales (worn)
 w - the +5 tower shield "Myadgh" (worn) {rPois rF+ Str-3}
   (Okawaru gifted it to you on level 4 of the Lair of Beasts)

   Str:       It affects your strength (-3).
   rF:        It protects you from fire.
   rPois:     It protects you from poison.
 y - a +0 troll leather armour
 F - the +2 hat of Nihilism (worn) {Str-2 Dex+2 Slay+5}
   (You acquired it in an ice cave)

   Str:       It affects your strength (-2).
   Dex:       It affects your dexterity (+2).
   Slay:      It affects your accuracy & damage with ranged weapons and melee
   (+5).
 P - a scarf of repulsion
 X - a scarf of shadows (worn)
Jewellery
 o - the ring "Veoteng" (right claw) {rC+ Will+ Slay+3}
   (You found it in a Gauntlet)

   [ring of willpower]

   Slay:      It affects your accuracy & damage with ranged weapons and melee
   (+3).
   rC:        It protects you from cold.
   Will:      It increases your willpower.
 p - an amulet of faith (around neck)
 v - a +4 ring of protection
 x - a +4 ring of evasion
 B - the ring of Finality (left claw) {Fly Will+ Int+6, =R}
   (You found it on level 4 of the Dungeon)

   [ring of intelligence]

   Int:       It affects your intelligence (+6).
   Fly:       It grants you flight.
   Will:      It increases your willpower.
 K - the ring of Deokoh {Wiz SInv}
   (You found it on level 4 of the Lair of Beasts)

   [ring of wizardry]

   It improves your spell success rate.
   SInv:      It lets you see invisible.
 Q - a +4 ring of evasion
Wands
 z - a wand of polymorph (39)
 D - a wand of paralysis (32)
 I - a wand of flame (100)
 N - a wand of iceblast (20)
 U - a wand of acid (27)
 W - a wand of digging (29)
Scrolls
 k - a scroll of immolation
 A - 7 scrolls of fog
 E - 10 scrolls of teleportation
 J - 3 scrolls of fear
 M - a scroll of magic mapping
 O - 4 scrolls of holy word
 R - a scroll of silence
 V - a scroll of summoning
Potions
 c - 7 potions of might
 d - 14 potions of curing
 e - 10 potions of lignification
 h - 5 potions of berserk rage
 n - 5 potions of haste
 s - 3 potions of heal wounds
 G - 3 potions of attraction
 H - 4 potions of cancellation
 Y - a potion of ambrosia {unknown}
Miscellaneous
 f - a tin of tremorstones (2/2)
 C - a lightning rod (4/4)
 S - a box of beasts


   Skills:
 + Level 14.4 Fighting
 - Level 12.0 Throwing
 - Level 5.0 Armour
 - Level 5.0 Dodging
 + Level 14.3 Shields
 + Level 14.7 Unarmed Combat
 - Level 7.0 Invocations


You had 16 spell levels left.
You didn't know any spells.
Your spell library contained the following spells:

 Spells                   Type           Power      Damage    Failure   Level
 Animate Skeleton         Necr           0%         N/A       65%         1
 Pain                     Necr           0%         1d4       65%         1
 Shock                    Conj/Air       0%         1d3       65%         1
 Sting                    Tmut/Pois      0%         1d3       65%         1
 Blink                    Tloc           N/A        N/A       80%         2
 Poisonous Vapours        Pois/Air       0%         N/A       80%         2
 Sublimation of Blood     Necr           0%         N/A       80%         2
 Ozocubu's Armour         Ice            0%         N/A       95%         3
 Teleport Other           Tloc           0%         N/A       95%         3
 Vampiric Draining        Necr           0%         2d6       95%         3
 Fulminant Prism          Conj/Hex       0%         3d6       100%        4
 Iskenderun's Mystic Bla  Conj/Tloc      0%         2d3       100%        4
 Olgreb's Toxic Radiance  Pois           0%         N/A       100%        4
 Petrify                  Tmut/Erth      0%         N/A       100%        4
 Freezing Cloud           Conj/Ice/Air   0%         6-21      100%        5
 Irradiate                Conj/Tmut      0%         3d13      100%        5
 Lee's Rapid Deconstruct  Erth           0%         3d5*      100%        5
 Manifold Assault         Tloc           0%         N/A       100%        5
 Metabolic Englaciation   Hex/Ice        0%         N/A       100%        5
 Simulacrum               Ice/Necr       0%         N/A       100%        6
 Statue Form              Tmut/Erth      0%         N/A       100%        6
 Ozocubu's Refrigeration  Ice            0%         4d5       100%        7
 Storm Form               Tmut/Air       0%         N/A       100%        7


Dungeon Overview and Level Annotations

Branches:
Dungeon (15/15)            Temple (1/1) D:6            Lair (6/6) D:11
  Swamp (2/4) Lair:3       Spider (4/4) Lair:4        Slime (0/5) Lair:5
    Orc (2/2) D:11            Elf (0/3) Orc:2        Vaults (0/5) D:14
 Depths (0/5) D:15          IceCv (visited)         Gauntlet (visited)

Altars:
Ashenzari
Cheibriados
Dithmenos
Elyvilon
Fedhas
Gozag
Hepliaklqana
Kikubaaqudgha
Makhleb
Nemelex Xobeh
Okawaru
Qazlal
Ru
Sif Muna
Trog
Uskayaw
Vehumet
Wu Jian
Xom
Yredelemnul
Zin
The Shining One
Jiyva

Shops:
D:2 (:*[   D:4 (   D:11 *   D:14 [   Orc:2 [![(


Innate Abilities, Weirdness & Mutations

You are too large for most types of armour.
You have claws for hands.
Your natural rate of healing is unusually fast.
You are covered in fur. (AC +1)
You have tough skin. (AC +1)


Message History

The emperor scorpion claws your spark wasp but does no damage.
The emperor scorpion claws your spark wasp.
Something hits you!
* * * LOW HITPOINT WARNING * * *
You block something's attack. x2
Your spark wasp stings the emperor scorpion but does no damage.
As you read the scroll of fear, it crumbles to dust.
You assume a fearsome visage.
The orb spider looks frightened!
The emperor scorpion looks frightened!
Your orb spider bites something but does no damage.
You feel you are being watched by something.
Something hits you.
* * * LOW HITPOINT WARNING * * *
Something hits you.
* * * LOW HITPOINT WARNING * * *
Something stings you but does no damage.
Your spark wasp stings the emperor scorpion!
Your spark wasp shocks the emperor scorpion!
Your spark wasp's attack snaps the emperor scorpion out of its fear.
You feel you are being watched by something.
Something hits you.
* * * LOW HITPOINT WARNING * * *
You feel dopey. Something hits you.
* * * LOW HITPOINT WARNING * * *
You feel dopey. Something stings you.
* * * LOW HITPOINT WARNING * * *
Your orb spider weaves a glowing orb of energy.
You feel much better.
You feel you are being watched by something.
Something hits you.
* * * LOW HITPOINT WARNING * * *
You block something's attack. Something stings you.
* * * LOW HITPOINT WARNING * * *
You are lethally poisoned!
Something poisons you!
You feel you are being watched by something.
Something hits you but does no damage. Something hits you!
You die...

.^##........^.....^
...##...).....^.#####
...^#...........#...#
...^.^..............##
.^.†..#^....##.......####### #
....###...†.#s........#.^#^#.#≈.
.####^..†.^##.y.......†(#....(.#
##^.....<^##^.^.......^[((((((.#
#.........#^^..s@.....#(^#^#≈#^.
........^##.^.*.....^#######
........##.....###..##
......^^#..[.s.#....#
......#.#....###...##
......###...##.....#
.......#..###......#
†......####....#...#
.#...###.......#...#


You could see an emperor scorpion (fleeing, ally target), an orb spider
(charged, fleeing, ally target), a friendly spark wasp (summoned) and a friendly
orb spider (summoned).

Vanquished Creatures
  Mara (Spider:3)
  Nikola (Swamp:2)
  Arachne (Spider:2)
  Jorgrun (Orc:1)
  Gastronok (D:9)
  Kirke (D:14)
  A ghost moth (Spider:4)
  Aizul (Spider:4)
  Louise (D:14)
  6 emperor scorpions
  A stone giant (D:15)
  Azrael (D:14)
  2 entropy weavers
  A minotaur (Gauntlet)
  2 spark wasps (Spider:3)
  Snorg (Orc:2)
  2 eleionomae
  12 hydras
  4 boulder beetles
  2 ogre magi
  6 centaur warriors
  A catoblepas (Lair:4)
  Erica (Lair:1)
  4 alligators (Swamp:2)
  The ghost of DunceCap the Cleaver, a novice HOFi of Beogh (D:10)
  10 two-headed ogres
  4 death yaks (Lair:6)
  Sonja (Lair:1)
  8 skeletal warriors
  4 goliath frogs
  A spriggan druid (Swamp:1)
  A swamp dragon (Swamp:2)
  5 bog bodies
  2 deep elf pyromancers (D:13)
  13 orb spiders
  An oklob plant (Gauntlet)
  3 orc sorcerers
  2 orc knights (Orc:2)
  26 wolf spiders
  11 ugly things
  4 cyclopes
  A will-o-the-wisp (Swamp:2)
  5 black mambas
  11 elephants (Lair:6)
  3 ice statues (IceCv)
  3 torpor snails
  4 centaur skeletons (D:14)
  A smoke demon (Gauntlet)
  16 cane toads
  2 unseen horrors
  7 komodo dragons
  3 kobold demonologists (D:10)
  An efreet (D:13)
  13 demonic crawlers
  3 rime drakes
  3 yaktaurs (D:14)
  An entropy weaver simulacrum (IceCv)
  An anaconda simulacrum (IceCv)
  6 meliai
  A red devil (Gauntlet)
  A hornet (shapeshifter) (D:13)
  7 polar bears
  5 trolls
  27 jumping spiders
  2 bloated husks
  18 hornets
  11 slime creatures
  16 blink frogs
  3 tyrant leeches
  12 dream sheep (Lair:6)
  Sigmund (D:2)
  76 redbacks
  A dire elephant simulacrum (IceCv)
  2 centaur simulacra
  6 shadows
  A vampire (D:13)
  18 spriggans
  4 wyverns
  2 wraiths
  34 yaks
  19 tarantellas
  2 hogs (D:15)
  6 basilisks
  4 death yak simulacra (IceCv)
  5 fire elementals (D:14)
  A steam dragon (D:6)
  4 wargs
  11 swamp worms
  Edmund (D:4)
  20 water moccasins
  4 acid dragons
  36 orc warriors
  A hell hound (D:14)
  An ice beast (D:5)
  4 black bears
  14 ogres
  48 wolves
  4 boggarts (Lair:6)
  23 centaurs
  2 phantoms
  14 kobold brigands
  Blork the orc (D:4)
  13 bullfrogs
  A wyvern zombie (D:7)
  A gnoll sergeant (D:12)
  A scorpion (D:7)
  2 two-headed ogre simulacra (D:13)
  A cane toad simulacrum (D:13)
  An elephant simulacrum (IceCv)
  11 killer bees
  5 wights (D:10)
  2 electric eels
  2 howler monkeys
  3 crimson imps (Gauntlet)
  7 centaur zombies
  3 bullfrog skeletons
  2 bullfrog zombies
  2 hounds
  A jelly (D:6)
  8 orc priests
  3 iguanas
  A spriggan simulacrum (D:13)
  6 hell rats (Lair:2)
  17 orc wizards
  3 polar bear simulacra
  A wolf simulacrum (IceCv)
  A hound zombie (D:5)
  2 hound skeletons
  13 gnolls
  6 adders
  2 naga simulacra (D:13)
  2 shadow imps
  2 white imps
  An adder skeleton (D:4)
  3 worms
  5 dart slugs
  46 orcs
  6 endoplasms
  3 giant cockroaches
  4 goblins
  4 hobgoblins
  10 jackals
  3 quokkas
  3 ball pythons
  2 bats
  3 frilled lizards
  33 kobolds
  10 rats
970 creatures vanquished.

Vanquished Creatures (others)
  A wolf spider (Spider:4)
  A bloated husk (Swamp:2)
  A jumping spider (Spider:4)
  3 humans (D:15)
  A warg (Orc:1)
  An orc wizard (Orc:2)
  A bush (Lair:6)
  42 fungi
  33 plants
  14 withered plants (Gauntlet)
98 creatures vanquished.

Grand Total: 1068 creatures vanquished

Notes
Turn   | Place    | Note
-------+----------+-------------------------------------------
     0 | D:1      | mainiacjoe the Troll Fighter began the quest for the Orb.
     0 | D:1      | Reached XP level 1. HP: 22/22 MP: 0/0
    90 | D:1      | Reached XP level 2. HP: 29/29 MP: 1/1
   351 | D:1      | Reached XP level 3. HP: 36/36 MP: 2/2
   626 | D:2      | Found Caco's Antique Armour Shop.
   768 | D:2      | Found Quwoi's Book Shop.
   875 | D:2      | Found Maebisis's Antique Weapon Emporium.
   879 | D:2      | Noticed Sigmund
   889 | D:2      | Killed Sigmund
   890 | D:2      | Reached skill level 1 in Throwing
   890 | D:2      | Reached XP level 4. HP: 10/45 MP: 3/3
   890 | D:2      | Reached XP level 5. HP: 11/53 MP: 4/4
  1131 | D:2      | Bought an embroidered robe for 77 gold pieces
  1228 | D:2      | Found Yttann's Assorted Antiques.
  1589 | D:3      | Reached XP level 6. HP: 41/61 MP: 5/5
  1627 | D:3      | Found a white marble altar of Elyvilon.
  1746 | D:3      | Found a hide-covered altar of Uskayaw.
  1984 | D:2      | Bought a metallic red potion for 25 gold pieces
  2160 | D:4      | Identified the +12 hunting sling of Saput {vorpal, rPois
                  | rC++ Will+ Int-4}
  2207 | D:4      | Found Agof's Antique Weapon Shoppe.
  2379 | D:4      | Noticed Blork the orc
  2387 | D:4      | Killed Blork the orc
  2388 | D:4      | Reached skill level 5 in Unarmed Combat
  2490 | D:4      | Reached XP level 7. HP: 65/68 MP: 6/6
  2739 | D:4      | Noticed Edmund
  2773 | D:4      | Killed Edmund
  2784 | D:4      | Identified the ring of Finality {Fly Will+ Int+6}
  2786 | D:4      | Lost intelligence.
  2911 | D:2      | Bought a scroll labelled WAWOAM FAICO for 28 gold pieces
  2911 | D:2      | Bought a scroll labelled JAMAPP JUGU for 28 gold pieces
  2972 | D:5      | Entered Level 5 of the Dungeon
  3229 | D:5      | Reached XP level 8. HP: 79/79 MP: 7/7
  3288 | D:5      | Found a shadowy altar of Dithmenos.
  3562 | D:5      | Found a shimmering blue altar of Sif Muna.
  3581 | D:5      | Got Sif Muna's Compendium of Air
  3949 | D:2      | Bought 2 viscous coppery potions for 50 gold pieces
  4038 | D:6      | Reached skill level 5 in Shields
  4068 | D:6      | Reached skill level 5 in Fighting
  4115 | D:6      | Found a glowing silver altar of Zin.
  4141 | D:6      | Found a blossoming altar of Fedhas.
  4307 | D:6      | Reached XP level 9. HP: 88/88 MP: 8/8
  4437 | D:6      | Found a staircase to the Ecumenical Temple.
  4527 | Temple   | Entered the Ecumenical Temple
  4826 | D:6      | Found a bloodstained altar of Trog.
  4826 | D:6      | Found an iron altar of Okawaru.
  4836 | D:6      | Became a worshipper of Warmaster Okawaru
  5184 | D:6      | Reached * piety under Okawaru
  5185 | D:6      | Reached skill level 1 in Invocations
  5391 | D:7      | Identified the +3 mace of the Extremely Mad {protect, rElec
                  | rC- rCorr Dex-4}
  5619 | D:2      | Bought a runed scarf for 224 gold pieces
  5820 | D:7      | Found a sacrificial altar of Ru.
  6619 | D:8      | Reached ** piety under Okawaru
  6654 | D:8      | Found a shimmering altar of Xom.
  6742 | D:8      | Reached skill level 10 in Unarmed Combat
  6742 | D:8      | Reached XP level 10. HP: 92/98 MP: 10/10
  6768 | D:8      | Found a hazy altar of Hepliaklqana.
  7137 | D:9      | Acquired 733 gold pieces
  7207 | D:9      | Found a stormy altar of Qazlal.
  7223 | D:9      | Found an ancient bone altar of Kikubaaqudgha.
  7274 | D:9      | Found a large runed translucent door.
  7276 | D:9      | Found a large runed translucent door.
  7285 | D:9      | Noticed a two-headed ogre
  7285 | D:9      | Noticed Gastronok
  7305 | D:9      | Killed Gastronok
  7305 | D:9      | Reached *** piety under Okawaru
  7305 | D:9      | Reached **** piety under Okawaru
  7393 | D:9      | Found a large runed translucent door.
  7393 | D:9      | Found a large runed translucent door.
  7422 | D:9      | Killed a two-headed ogre
  7434 | D:9      | Identified the -3 pair of gloves of Noumotai {+Inv Str-2
                  | Dex+5}
  7562 | D:9      | Noticed a centaur warrior
  7564 | D:9      | Reached ***** piety under Okawaru
  7571 | D:9      | Killed a centaur warrior
  7572 | D:9      | Reached XP level 11. HP: 38/109 MP: 13/13
  7572 | D:9      | Received a gift from Okawaru
  8329 | D:9      | Noticed a two-headed ogre
  8337 | D:9      | Killed a two-headed ogre
  8338 | D:9      | Reached skill level 5 in Invocations
  8435 | D:10     | Entered Level 10 of the Dungeon
  8435 | D:10     | Noticed a two-headed ogre
  8440 | D:10     | Killed a two-headed ogre
  8518 | D:10     | Noticed a centaur warrior
  8532 | D:10     | Killed a centaur warrior
  9107 | D:10     | Found a runed translucent gate.
  9107 | D:10     | Found a runed translucent gate.
  9107 | D:10     | Found a runed translucent gate.
  9110 | D:10     | Noticed DunceCap's ghost (novice HOFi)
  9571 | D:11     | Found a staircase to the Lair.
  9678 | D:11     | Found Bigga's Pet Rocks.
  9693 | D:11     | Bought 4 large rocks for 50 gold pieces
  9693 | D:11     | Bought 5 large rocks for 63 gold pieces
  9693 | D:11     | Bought 5 large rocks for 63 gold pieces
  9693 | D:11     | Bought 5 large rocks for 63 gold pieces
  9907 | D:11     | Found a staircase to the Orcish Mines.
 10449 | Lair:1   | Entered Level 1 of the Lair of Beasts
 10678 | Lair:1   | Noticed Erica
 10692 | Lair:1   | Killed Erica
 10692 | Lair:1   | Received a gift from Okawaru
 10693 | Lair:1   | Found the +4 robe of Folly {Brilliance Will-∞ Int+8}
 10998 | Lair:1   | Noticed Sonja
 11003 | Lair:1   | Killed Sonja
 11003 | Lair:1   | Reached ****** piety under Okawaru
 11004 | Lair:1   | Reached XP level 12. HP: 122/122 MP: 15/15
 12216 | Lair:2   | Reached skill level 1 in Armour
 12938 | Lair:3   | Noticed an eight-headed hydra
 13038 | Lair:3   | Killed an eight-headed hydra
 13056 | Lair:3   | Received a gift from Okawaru
 13255 | Lair:3   | Identified the ring "Peskiac" {rElec MP+9}
 13353 | Lair:3   | Noticed a five-headed hydra
 13362 | Lair:3   | Killed a five-headed hydra
 13381 | Lair:3   | Noticed a seven-headed hydra
 13387 | Lair:3   | Killed a seven-headed hydra
 13626 | Lair:3   | Found a staircase to the Swamp.
 14046 | Lair:4   | Identified the +5 tower shield "Myadgh" {rPois rF+ Str-3}
                  | (Okawaru gifted it to you on level 4 of the Lair of Beasts)
 14046 | Lair:4   | Received a gift from Okawaru
 14096 | Lair:4   | Reached skill level 5 in Dodging
 14139 | Lair:4   | Found a gate leading to a gauntlet.
 14150 | Lair:4   | Reached XP level 13. HP: 123/133 MP: 17/17
 14185 | Gauntlet | Entered a Gauntlet
 14185 | Gauntlet | Found a transporter.
 14185 | Gauntlet | Found a transporter.
 14192 | Gauntlet | Found a transporter.
 14205 | Gauntlet | Found a transporter.
 14210 | Gauntlet | Found a transporter.
 14210 | Gauntlet | Found a transporter.
 14210 | Gauntlet | Noticed a reaper
 14215 | Gauntlet | Found a transporter.
 14244 | Gauntlet | Found a transporter.
 14251 | Gauntlet | Found a transporter.
 14262 | Gauntlet | Found a transporter.
 14271 | Gauntlet | Found a transporter.
 14294 | Gauntlet | Found a transporter.
 14328 | Gauntlet | Found a transporter.
 14343 | Gauntlet | Found a transporter.
 14444 | Gauntlet | Found a transporter.
 14462 | Gauntlet | Found a transporter.
 14967 | Gauntlet | Identified the ring "Plog" {rElec rPois MP+9 Int+5 Slay-5}
 15077 | Gauntlet | Reached skill level 10 in Fighting
 15099 | Gauntlet | Identified the ring "Veoteng" {rC+ Will+ Slay+3}
 15134 | Gauntlet | Noticed a minotaur
 15140 | Gauntlet | Killed a minotaur
 15141 | Gauntlet | Reached skill level 5 in Armour
 15221 | Lair:4   | Found a hole to the Spider Nest.
 15315 | Lair:4   | Identified the ring of Deokoh {Wiz SInv}
 16317 | Lair:5   | Found a viscous altar of Jiyva.
 16318 | Lair:5   | Found a staircase to the Slime Pits.
 16610 | Lair:5   | Received a gift from Okawaru
 17292 | Lair:6   | Entered Level 6 of the Lair of Beasts
 17602 | Lair:6   | Reached XP level 14. HP: 129/150 MP: 18/18
 17653 | Lair:6   | Identified the +8 arbalest of the Thieving Big Fish {venom,
                  | rCorr Int+5} (Okawaru gifted it to you on level 6 of the
                  | Lair of Beasts)
 17653 | Lair:6   | Received a gift from Okawaru
 18069 | Lair:6   | Identified the +0 plate armour of Ru's Brutal Revenge
                  | {Dex+3}
 18097 | Lair:6   | Received a gift from Okawaru
 18218 | Lair:6   | Reached skill level 5 in Throwing
 18328 | Lair:6   | Reached skill level 10 in Shields
 18359 | Lair:6   | HP: 1/150 [seven-headed hydra (12)]
 19240 | Orc:1    | Entered Level 1 of the Orcish Mines
 19401 | Orc:1    | Noticed Jorgrun
 19456 | Orc:1    | Killed Jorgrun
 19456 | Orc:1    | Received a gift from Okawaru
 19606 | Orc:1    | Found a radiant altar of Vehumet.
 19858 | Orc:2    | Entered Level 2 of the Orcish Mines
 19858 | Orc:2    | Noticed Snorg
 19866 | Orc:2    | Received a gift from Okawaru
 19875 | Orc:2    | Killed Snorg
 19947 | Orc:2    | Found a burning altar of Makhleb.
 19980 | Orc:2    | Found a staircase to the Elven Halls.
 20472 | Orc:2    | Found Ydeirghi's Distillery.
 20472 | Orc:2    | Found Yqauc's Antique Armour Boutique.
 20472 | Orc:2    | Found Olesung's Antique Weapon Shop.
 20486 | Orc:2    | Found Muva Jyogej's Armour Emporium.
 20492 | Orc:2    | Bought 2 potions of curing for 78 gold pieces
 20492 | Orc:2    | Bought a potion of flight for 39 gold pieces
 20492 | Orc:2    | Bought a potion of heal wounds for 65 gold pieces
 20492 | Orc:2    | Bought a potion of haste for 130 gold pieces
 20492 | Orc:2    | Bought a potion of haste for 130 gold pieces
 20502 | Orc:2    | Bought 2 potions of cancellation for 208 gold pieces
 20843 | D:10     | Killed DunceCap's ghost
 20844 | D:10     | Reached XP level 15. HP: 158/158 MP: 11/19
 21645 | D:13     | Found a frozen archway.
 21670 | D:13     | You are sucked into a shaft and drop 1 floor!
 21704 | D:14     | Noticed Azrael
 21717 | D:14     | Killed Azrael
 21740 | D:14     | Found Vylan's Armour Shoppe.
 21815 | IceCv    | Entered an ice cave
 21882 | IceCv    | Received a gift from Okawaru
 22155 | IceCv    | Got Goih's Guide on Displaced Snow
 22163 | IceCv    | Acquired the +2 hat of Nihilism {Str-2 Dex+2 Slay+5}
 22996 | D:14     | Reached skill level 10 in Throwing
 23192 | D:14     | Identified the +8 war axe of Foolhardiness {flame, +Rage
                  | rC+ rN+ Str+5}
 23261 | D:14     | Found a gate to the Vaults.
 23296 | D:14     | Received a gift from Okawaru
 23566 | D:14     | Received a gift from Okawaru
 23828 | D:15     | Entered Level 15 of the Dungeon
 23830 | D:15     | Noticed Kirke
 23852 | D:14     | Killed Kirke
 23880 | D:15     | Found a staircase to the Depths.
 23993 | D:15     | Noticed Louise
 24074 | D:14     | Killed Louise
 24102 | D:15     | Reached XP level 16. HP: 162/167 MP: 20/20
 24214 | D:15     | Identified the +2 robe "Beju" {*Slow MP+9 Int+4} (Okawaru
                  | gifted it to you on level 15 of the Dungeon)
 24214 | D:15     | Received a gift from Okawaru
 24705 | Spider:1 | Entered Level 1 of the Spider Nest
 24903 | Swamp:1  | Entered Level 1 of the Swamp
 25949 | Swamp:2  | Identified the +4 hunting sling of Equilibrium {flame, rN++
                  | Dex-3}
 26084 | Swamp:2  | Received a gift from Okawaru
 26105 | Swamp:2  | Noticed Nikola
 26123 | Swamp:2  | Killed Nikola
 26123 | Swamp:2  | Received a gift from Okawaru
 26846 | Spider:1 | Received a gift from Okawaru
 27888 | Spider:2 | Received a gift from Okawaru
 27893 | Spider:2 | Noticed Arachne
 27914 | Spider:2 | Killed Arachne
 28384 | Spider:3 | Reached XP level 17. HP: 111/179 MP: 21/21
 28707 | Spider:3 | Received a gift from Okawaru
 28825 | Spider:3 | Identified the +5 ring mail "Poaqossugo" {+Inv rN+++ Int-3
                  | Dex-4}
 28871 | Spider:3 | Noticed Mara
 28883 | Spider:3 | Killed Mara
 29315 | Spider:4 | Entered Level 4 of the Spider Nest
 29315 | Spider:4 | Noticed Aizul
 29330 | Spider:4 | Killed Aizul
 29941 | Spider:4 | Received a gift from Okawaru
 30319 | Spider:4 | Received a gift from Okawaru
 30420 | Spider:4 | Identified the +2 robe of the Comet {Rampage Will+ Str-2
                  | Dex+3} (Okawaru gifted it to you on level 4 of the Spider
                  | Nest)
 30420 | Spider:4 | Received a gift from Okawaru
 30498 | Spider:4 | HP: 5/182 [emperor scorpion (7)]
 30503 | Spider:4 | HP: 7/182 [something (3)]
 30503 | Spider:4 | HP: 2/182 [something (5)]
 30504 | Spider:4 | Slain by a ghost moth

Illustrated notes

Levels and vault maps discovered:
D:1:      lightli_arrival_windingriver, layout_basic
D:2:      layout_loops_cross, serial_shops, shop, nicolae_shop_stone,
          nicolae_diamond_shop, nicolae_shop_statue_plus, uniq_sigmund
D:3:      layout_rooms, mainiacjoe_overflow_paths,
          eat_drink_and_be_merry_uskayaw
D:4:      layout_basic, serial_shops, nicolae_inconvenience_store,
          serial_co_window_serial, co_window_paths_b, co_window_paths_b,
          co_window_cross_1, co_window_paths_b, co_window_corner_a,
          co_window_paths_a, co_window_paths_a, co_window_of_opportunity_b,
          co_window_corner_ca, co_window_2corner, co_window_paths_c,
          co_window_4corner_b, minmay_checkerbox, uniq_edmund,
          uniq_blork_the_orc
D:5:      kennysheep_big_flooded_room, layout_basic,
          nicolae_dithmenos_the_darkroom, led_sif_book, lemuel_old_faithful
D:6:      layout_basic, grunt_temple_overflow_bloody_war,
          mainiacjoe_overflow_concentric_impassable,
          mainiacjoe_overflow_alcove_1, temple_statues
D:7:      layout_rooms, nicolae_ru_sacrificial_ziggurat
D:8:      layout_basic, nicolae_hepliaklqana_hippocampus,
          mainiacjoe_overflow_alcove_4
D:9:      layout_layer_cave, mainiacjoe_overflow_big_doors,
          minmay_misc_feat_plants, minmay_hollow_rounded_squares, uniq_gastronok
D:10:     layout_small_grid, gammafunk_ghost_nasty_kobolds,
          kennysheep_generic_room_6
D:11:     layout_gridville, lair_entry_dummy, orc_0_dummy, guppyfry_shop_earth
D:12:     layout_loops_ring
D:13:     layout_small_grid, portal_ice_cave_entry_ice_simulacra
D:14:     layout_irregular_city, hangedman_vaults_entry_quadrant_bands,
          minivault_25, serial_shops, kennysheep_mini, uniq_azrael
D:15:     grunt_enter_depths_giant_problem, layout_rooms, uniq_louise,
          uniq_kirke
Temple:   compressed_dpeg_triangle_lava_temple
Lair:1:   layout_cave_pods, minivault_11, grunt_forest_small_clearing_treed,
          grunt_megastairs_2, uniq_erica, uniq_sonja
Lair:2:   layout_layer_cave, lemuel_fruit_tree, grunt_megastairs_4
Lair:3:   layout_loops_ring, nicolae_swamp_entry_splash_gauntlet,
          grunt_megastairs_5
Lair:4:   layout_gridlike, spider_nest_entry_web_field, gauntlet_entry_generic,
          guppyfry_lair_drakes, grunt_megastairs_1
Lair:5:   layout_layer_cave, slime_altar_1, infiniplex_staircase_pool_2,
          lemuel_fruit_fields
Lair:6:   minmay_lair_end_enchanted_forest, layout_misc_corridors
Swamp:1:  layout_falls_marsh, evilmike_swamp_ruin_house_2
Swamp:2:  layout_falls_marsh, hangedman_swamp_diagram, swamp_pool1, uniq_nikola
Spider:1: layout_spider_delve
Spider:2: layout_chambers, hangedman_spider_tarantella_strand, uniq_arachne
Spider:3: layout_spider_delve, uniq_mara
Spider:4: guppyfry_spider_rune, nicolae_spider_jagged_tunnels, uniq_bai_suzhen,
          uniq_aizul
Orc:1:    layout_diamond_mine, basic_altar, uniq_jorgrun
Orc:2:    st_orc_rangers, layout_caves, basic_altar, uniq_snorg

Skill      XL: |  1  2  3  4  5  6  7  8  9 10 11 12 13 14 15 16 17 |
---------------+----------------------------------------------------+-----
Unarmed Combat | 4 5 6 8 10 11 12 13 14 | 14.7
Fighting       | 3 4 5 6 7 8 9 12 13 14 | 14.4
Throwing       | 1 2 7 11 12 | 12.0
Shields        | 3 4 5 6 7 8 9 11 12 13 14 | 14.3
Invocations    | 2 4 6 7 |  7.0
Armour         | 4 5 |  5.0
Dodging        | 5 |  5.0

Action                   |  1- 3 |  4- 6 |  7- 9 | 10-12 | 13-15 | 16-18 || total
-------------------------+-------+-------+-------+-------+-------+-------++-------
Melee: Unarmed           |    98 |    62 |    36 |   336 |   745 |   579 ||  1856
 Fire: Hunting sling     |       |    26 |   221 |   313 |   780 |    13 ||  1353
Throw: Stone             |    57 |    37 |       |       |       |       ||    94
       Dart              |       |    25 |     3 |    43 |    68 |    63 ||   202
       Throwing net      |       |       |       |     1 |       |       ||     1
       Large rock        |       |       |       |       |    45 |    55 ||   100
       Boomerang         |       |       |       |       |       |   268 ||   268
Invok: Heroism           |       |       |       |     5 |     9 |     9 ||    23
       Finesse           |       |       |       |     3 |     5 |     8 ||    16
Evoke: Wand              |       |       |       |     3 |       |     2 ||     5
       Tin of tremorston |       |       |       |       |     2 |       ||     2
       Lightning rod     |       |       |       |       |     3 |       ||     3
  Use: Scroll            |       |     1 |    15 |    12 |     8 |     5 ||    41
       Potion            |       |       |       |       |     2 |    12 ||    14
 Stab: Held in net/web   |       |       |       |     1 |       |       ||     1
       Invisible         |       |       |       |       |       |     2 ||     2
Armor: Robe              |    32 |    17 |    16 |       |       |       ||    65
       Acid dragon scale |       |       |    18 |    80 |       |       ||    98
       Troll leather arm |       |       |       |    50 |   153 |    26 ||   229
       Swamp dragon scal |       |       |       |       |       |   155 ||   155
Dodge: Dodged            |    29 |     9 |    43 |   153 |   246 |   177 ||   657
Block: Kite shield       |    48 |    30 |    85 |   299 |       |       ||   462
       Tower shield      |       |       |       |     6 |  1420 |   782 ||  2208
